 Dungeon Crawl Stone Soup version 0.22-a0-160-gcc81d7a (webtiles) character file.

68 mhoghedin the Stinger (level 4, 0/33 HPs)
             Began as a Draconian Venom Mage on Feb 10, 2018.
             Slain by a jackal (2 damage)
             ... on level 2 of the Dungeon.
             The game lasted 00:04:07 (2274 turns).

mhoghedin the Stinger (Draconian Venom Mage)        Turns: 2274, Time: 00:04:08

Health: 0/33       AC:  5    Str: 10    XL:     4   Next: 1%
Magic:  1/8        EV: 12    Int: 16    God:
Gold:   97         SH:  0    Dex: 12    Spells: 2/8 levels left

rFire    . . .     SeeInvis .   c - +0 short sword
rCold    . . .     Gourm    .   (no shield)
rNeg     . . .     Faith    .   (armour unavailable)
rPois    .         Spirit   .   (helmet restricted)
rElec    .         Reflect  .   (no cloak)
rCorr    .         Harm     .   (no gloves)
MR       .....                  (no boots)
Stlth    ++........             (no amulet)
HPRegen  0.11/turn              (no ring)
MPRegen  0.11/turn              (no ring)

@: no status effects
A: unfitting armour, cold-blooded, AC +5
a: no special abilities


You were on level 2 of the Dungeon.
You were not hungry.

You visited 1 branch of the dungeon, and saw 3 of its levels.

You collected 97 gold pieces.

Inventory:

Hand Weapons
 c - a +0 short sword (weapon)
   (You took it off a kobold on level 1 of the Dungeon)
Armour
 m - a +0 cloak
   (You found it on level 2 of the Dungeon)
Scrolls
 d - a scroll of amnesia {unknown}
 f - 3 scrolls of enchant armour {unknown}
 h - a scroll of blinking {unknown}
 i - a scroll of magic mapping {unknown}
 k - 3 scrolls of identify {unknown}
Potions
 e - 3 potions of brilliance {unknown}
 g - 2 potions of curing {unknown}
 j - a potion of berserk rage {unknown}
 n - 2 potions of agility {unknown}
Books
 a - a Young Poisoner's Handbook
Comestibles
 b - 2 rations
 l - 3 chunks of flesh {@w0}


   Skills:
 - Level 1.7 Dodging
 - Level 1.7 Stealth
 + Level 2.7 Spellcasting
 + Level 2.0 Conjurations
 + Level 1.2 Air Magic
 + Level 3.6 Poison Magic


You had 2 spell levels left.
You knew the following spells:

 Your Spells              Type           Power        Failure   Level  Hunger
a - Sting                 Conj/Pois      ##..         6%          1    #......
b - Poisonous Vapours     Pois/Air       #.....       11%         2    ##.....
x - Mephitic Cloud        Conj/Pois/Air  #.......     22%         3    ###....


Dungeon Overview and Level Annotations

Branches:
Dungeon (3/15)

Altars:
Uskayaw

Annotations:
D:3 Sigmund


Innate Abilities, Weirdness & Mutations

Your plain brown scales are hard. (AC +5)
You cannot fit into any form of body armour.
You are cold-blooded and may be slowed by cold attacks.


Message History

A jackal comes into view.
The jackal misses you. The jackal barely misses you.
Sigmund the Dreaded comes into view.
He is wielding a scythe.
Aim: Sigmund, wielding a scythe and wearing a robe Poisonous vapours surround Sigmund!
The jackal misses you.
Sigmund is engulfed in poison gas.
Sigmund is poisoned.
You now have 5/7 mp.
Aim: Sigmund, wielding a scythe and wearing a robe (lightly wounded, poisoned) Poisonous vapours surround Sigmund!
The jackal misses you. The jackal closely misses you.
Sigmund is engulfed in poison gas.
Sigmund looks even sicker.
The jackal bites you but does no damage.
The jackal bites you.
You take 1 damage, and have 25/26 hp.
You now have 3/7 mp.
You closely miss the jackal. The jackal closely misses you.
The jackal misses you.
The jackal barks!
You hit the jackal but do no damage.
The jackal bites you but does no damage.
Sigmund casts a spell.
Sigmund flickers and vanishes!
Deactivating autopickup; reactivate with Ctrl-A.
A jackal comes into view.
You hit the jackal.
You kill the jackal!
A jackal comes into view.
The jackal barely misses you.
Health restored: 26
There is a stone staircase leading up here.
You hit the jackal.
The jackal bites you but does no damage. x2
The jackal closely misses you.
You hit the jackal.
The jackal bites you but does no damage.
The jackal closely misses you.
You hit the jackal.
You kill the jackal!
The jackal closely misses you. Something barely misses you.
The jackal bites you but does no damage.
Poisonous vapours surround something!
The jackal closely misses you. Something hits you!
A jackal comes into view.
You take 12 damage, and have 14/26 hp.
MASSIVE DAMAGE!!
You now have 3/7 mp.
Poisonous vapours surround something!
The jackal barks!
The jackal misses you.
The jackal bites you but does no damage.
You now have 1/7 mp.
The jackal bites you but does no damage.
Something barely misses you. The jackal closely misses you.
The jackal barely misses you.
The jackal bites you. x2; Something hits you.
* * * LOW HITPOINT WARNING * * *
The jackal closely misses you.
You take 9 damage, and have 6/26 hp.
MASSIVE DAMAGE!!
Unknown command.
The jackal bites you.
* * * LOW HITPOINT WARNING * * *
The jackal barely misses you.
You climb upwards.
There is a stone staircase leading down here.
You take 1 damage, and have 5/26 hp.
The jackal misses you.
The jackal bites you but does no damage.
The jackal bites you but does no damage. x2
The jackal barely misses you.
You closely miss the jackal.
Your tail-slap misses the jackal.
The jackal bites you but does no damage. x2
You completely miss the jackal.
The jackal bites you but does no damage.
You closely miss the jackal. The jackal misses you.
The jackal bites you but does no damage.
You barely miss the jackal.
The jackal bites you but does no damage.
You hit the jackal. The jackal bites you.
* * * LOW HITPOINT WARNING * * *
The jackal bites you but does no damage.
You take 3 damage, and have 3/26 hp.
You miss the jackal.
Your tail-slap misses the jackal.
The jackal bites you but does no damage.
Unknown command.
Aim: a jackal (heavily wounded) Poisonous vapours surround the jackal!
The jackal is engulfed in poison gas.
The jackal is poisoned.
The jackal bites you but does no damage.
The jackal is engulfed in poison gas.
The jackal looks even sicker.
You kill the jackal!
You have reached level 4!
You feel agile.
You now have 0/8 mp.
The jackal closely misses you. The jackal bites you.
* * * LOW HITPOINT WARNING * * *
You see here a jackal corpse.
You take 2 damage, and have 2/33 hp.
You barely miss the jackal. The jackal barely misses you.
You hit the jackal. The jackal closely misses you. The jackal bites you.
You die...

#..###..#..##...................#
..#####.......(............###...
.##.....#..................###...
....###...................###....
..........................###.##.
#######.##..........(>.....##.##.
# ###...........................
####........#.####.......####.##.
........#####...@h............##.
##.......#############........###
...#..........####............#
.#...##.#...........##........#
......#.#######.........)....##
........#........###<........#
.............................#
..............######.........#
.....>#.####### #.........#


You could see a jackal.

Vanquished Creatures
  3 oozes
  2 worms (D:2)
  2 dart slugs (D:2)
  A leopard gecko (D:2)
  6 bats
  A giant cockroach (D:2)
  4 goblins (D:2)
  6 hobgoblins
  5 jackals
  A quokka (D:2)
  A frilled lizard (D:2)
  7 kobolds
  3 rats
42 creatures vanquished.

Notes
Turn   | Place    | Note
-------+----------+-------------------------------------------
     0 | D:1      | mhoghedin the Draconian Venom Mage began the quest for the Orb.
     0 | D:1      | Reached XP level 1. HP: 14/14 MP: 3/3
   347 | D:1      | Reached XP level 2. HP: 16/20 MP: 0/5
   358 | D:1      | Learned a level 2 spell: Poisonous Vapours
  1237 | D:2      | Reached XP level 3. HP: 26/26 MP: 0/6
  1419 | D:2      | Learned a level 3 spell: Mephitic Cloud
  1511 | D:2      | Reached skill level 2 in Conjurations
  1511 | D:2      | Reached skill level 1 in Air Magic
  1521 | D:2      | Noticed a hand axe
  1522 | D:2      | Noticed a hand axe
  1522 | D:2      | Found a hide-covered altar of Uskayaw.
  2235 | D:3      | Noticed Sigmund
  2256 | D:3      | HP: 6/26 [something (5)]
  2269 | D:2      | HP: 3/26 [jackal (3)]
  2271 | D:2      | Reached XP level 4. HP: 4/33 MP: 0/8
  2274 | D:2      | Slain by a jackal

Vault maps used:
D:1:      dpeg_arrival_another_circle
D:2:      dancing_weapons_uskayaw, serial_corexii_hall, corexii_hall_statues_i,
          corexii_hall_statues_i
D:3:      grunt_temple_overflow_open, first_ration, minmay_quantized,
          uniq_robin, uniq_sigmund

Skill      XL: |  1  2  3 |
---------------+----------+-----
Conjurations   | 2 |  2.0
Air Magic      | 1 |  1.2
Dodging        | |  1.7
Stealth        | |  1.7
Spellcasting   | |  2.7
Poison Magic   | |  3.6

Action                   |  1- 3 |  4- 6 || total
-------------------------+-------+-------++-------
Melee: Short sword       |   141 |     2 ||   143
       Tailslap          |    22 |       ||    22
       Unarmed           |     2 |       ||     2
 Cast: Sting             |    17 |       ||    17
       Poisonous Vapours |    17 |       ||    17
 Stab: Sleeping          |     2 |       ||     2
  Eat: Ration            |     2 |       ||     2
       Chunk             |     1 |       ||     1
Armor: Skin              |    65 |       ||    65
Dodge: Dodged            |   114 |     3 ||   117

Table legend:
 A = Spawn XP
 B = Non-spawn XP
 C = Spawn XP percentage of total XP
 D = Spawn monster count
 E = Non-spawn monster count
 F = Spawn count percentage of total count
 G = Total turns spent on level
                    A         B        C        D         E        F      G
               +---------+---------+-------+---------+---------+-------+---------
         Total |       0 |      98 |   0.0 |       0 |      42 |   0.0 |  2274
               +---------+---------+-------+---------+---------+-------+---------
           D:1 |       0 |      32 |   0.0 |       0 |      14 |   0.0 |  1195
           D:2 |       0 |      60 |   0.0 |       0 |      25 |   0.0 |  1028
           D:3 |       0 |       6 |   0.0 |       0 |       3 |   0.0 |    51
               +---------+---------+-------+---------+---------+-------+---------

Vault maps used:
D:1:      dpeg_arrival_another_circle
D:2:      dancing_weapons_uskayaw, serial_corexii_hall, corexii_hall_statues_i,
          corexii_hall_statues_i
D:3:      grunt_temple_overflow_open, first_ration, minmay_quantized,
          uniq_robin, uniq_sigmund

Table legend:
 A = Turns spent in this place as a percentage of turns spent in the entire game.
 B = Non-inter-level travel turns spent in this place as a percentage of non-inter-level travel turns spent in the entire game.
 C = Inter-level travel turns spent in this place as a percentage of turns spent in this place.
 D = Turns resting spent in this place as a percentage of non-inter-level travel turns spent in this place.
 E = Turns spent auto-exploring this place as a percentage of non-inter-level travel turns spent in this place.
 F = Non-inter-level travel turns spent in this place divided by the number of levels of this place that you've seen.
                   A       B       C       D       E      F
               +-------+-------+-------+-------+-------+----------------------
         Total | 100.0 | 100.0 |   1.7 |  33.1 |  48.4 | 745.3
       Dungeon | 100.0 | 100.0 |   1.7 |  33.1 |  48.4 | 745.3
               +-------+-------+-------+-------+-------+----------------------

Table legend:
 A = Kills in this place as a percentage of kills in entire the game.
 B = Kills by you in this place as a percentage of kills by you in the entire game.
 C = Kills by friends in this place as a percentage of kills by friends in the entire game.
 D = Other kills in this place as a percentage of other kills in the entire game.
 E = Experience gained in this place as a percentage of experience gained in the entire game.
 F = Experience gained in this place divided by the number of levels of this place that you have seen.
                   A       B       C       D       E      F
               +-------+-------+-------+-------+-------+----------------------
         Total | 100.0 | 100.0 |   N/A |   N/A | 100.0 |  32.7
       Dungeon | 100.0 | 100.0 |   N/A |   N/A | 100.0 |  32.7
               +-------+-------+-------+-------+-------+----------------------
